 Dungeon Crawl Stone Soup version 0.27.1-34-g3ba077fa99 (webtiles) character file.

Game seed: 15041097314400862566

127 ticklebelly the Skirmisher (level 4, -1/41 HPs)
             Began as a Minotaur Berserker on Jan 7, 2022.
             Was a Believer of Trog.
             Slain by Grinder (5 damage)
             ... on level 3 of the Dungeon.
             The game lasted 00:03:10 (2176 turns).

ticklebelly the Skirmisher (Minotaur Berserker)     Turns: 2176, Time: 00:03:10

Health: -1/41      AC:  0    Str: 22    XL:     4   Next: 85%
Magic:  3/3        EV: 14    Int:  4    God:    Trog [**....]
Gold:   125        SH:  0    Dex: 10    Spells: 3/3 levels left

rFire    . . .     SeeInvis .   (weapon currently unavailable)
rCold    . . .     Faith    .   (shield currently unavailable)
rNeg     . . .     Spirit   .   (armour currently unavailable)
rPois    .         Reflect  .   (helmet currently unavailable)
rElec    .         Harm     .   (cloak currently unavailable)
rCorr    .         Rampage  .   (gloves currently unavailable)
Will     .....                  (boots currently unavailable)
Stlth    +.........             (no amulet)
HPRegen  0.13/turn              (ring currently unavailable)
MPRegen  0.08/turn              (ring currently unavailable)

@: pig-form (expiring), very quick
A: fast, no casting, small, (horns 2), (retaliatory headbutt)
a: Renounce Religion, Berserk, Trog's Hand


You were on level 3 of the Dungeon.
You worshipped Trog.
Trog was pleased with you.
You were a filthy swine.
You visited 1 branch of the dungeon, and saw 4 of its levels.

You collected 160 gold pieces.
You spent 35 gold pieces at shops.

Inventory:

Hand Weapons
 a - a +0 hand axe (melded)
Armour
 b - a +0 chain mail (melded)
Scrolls
 c - 3 scrolls of identify {unknown}
 f - 2 scrolls of holy word {unknown}
 g - 2 scrolls of magic mapping
 h - 5 scrolls of noise {unknown}
 i - a scroll of silence {unknown}
 j - a scroll of fear {unknown}
Potions
 d - a potion of cancellation {unknown}
 e - 4 potions of heal wounds {unknown}


   Skills:
 + Level 4.9 Fighting
 + Level 4.9 Axes
 + Level 4.0 Armour
 - Level 2.1 Dodging


You had 3 spell levels left.
You didn't know any spells.
Your spell library was empty.

Dungeon Overview and Level Annotations

Branches:
Dungeon (4/15)
 Temple: D:4-7

Altars:
Sif Muna

Shops:
D:3 ?

Annotations:
D:3 Grinder, Ijyb


Innate Abilities, Weirdness & Mutations

You are a filthy swine.
You move quickly.
Your equipment is almost entirely melded.
You are incapable of wielding weapons or throwing items.
You cannot cast spells.
((You have a pair of horns on your head.))
((You reflexively headbutt those who attack you in melee.))


Message History

You barely miss Ijyb. Ijyb hits you with a +0 dagger.
Grinder comes into view.
You hit Ijyb but do no damage. Ijyb hits you with a +0 dagger.
Grinder blinks!
You hit Ijyb.
Ijyb is lightly wounded.
Ijyb zaps a wand.
You hit Ijyb but do no damage.
Ijyb is lightly wounded.
Ijyb closely misses you.
You hit Ijyb.
Ijyb is lightly wounded.
Ijyb hits you with a +0 dagger.
Grinder blinks!
You barely miss Ijyb.
Ijyb is lightly wounded.
Grinder barely misses you.
Ijyb screams, "Me very upset!"
Ijyb zaps a wand.
You resist with some effort.
You closely miss Ijyb.
Ijyb is lightly wounded.
Grinder closely misses you. Ijyb hits you with a +0 dagger.
You closely miss Ijyb.
Ijyb is lightly wounded.
Grinder misses you. Ijyb closely misses you.
You hit Ijyb but do no damage.
Ijyb is lightly wounded.
Your transformation is almost over.
Grinder closely misses you.
Ijyb zaps a wand.
You resist with some effort.
You hit Ijyb.
Ijyb is moderately wounded.
Grinder gestures at you. Pain shoots through your body!
Ijyb hits you with a +0 dagger.
* * * LOW HITPOINT WARNING * * *
You closely miss Ijyb.
Ijyb is moderately wounded.
Grinder closely misses you. Ijyb hits you with a +0 dagger.
* * * LOW HITPOINT WARNING * * *
You closely miss Ijyb.
Ijyb is moderately wounded.
Grinder hits you.
You die...

#.^..._...^...#
#.#.......#...# .
###)#.......#...# ..
#...# ..... #)#.# g..
#...####^####.#.# g.
#.............#.#
#.####
#...............#
#.gg..
#............#5.#
#.....
#............#h.#
##.###
#............##g......
..
#............##.######
#######
##########.##### .#
#...... #...........#
.. #.#####
#...........# .. #.#
............# ... #.#
............# ... #.#
............# #.#


You could see Grinder and Ijyb.

Vanquished Creatures
  3 adders (D:2)
  4 gnolls (D:2)
  2 worms
  A dart slug (D:2)
  An orc (D:3)
  A giant cockroach (D:3)
  3 goblins
  5 hobgoblins
  4 jackals (D:3)
  4 quokkas
  5 ball pythons
  6 bats
  3 frilled lizards
  4 kobolds
  6 rats
52 creatures vanquished.

Notes
Turn   | Place    | Note
-------+----------+-------------------------------------------
     0 | D:1      | ticklebelly the Minotaur Berserker began the quest for the
                  | Orb.
     0 | D:1      | Reached XP level 1. HP: 19/19 MP: 0/0
   236 | D:1      | Reached XP level 2. HP: 27/27 MP: 1/1
   686 | D:2      | Reached ** piety under Trog
   795 | D:2      | Reached XP level 3. HP: 23/33 MP: 2/2
  1087 | D:2      | Reached XP level 4. HP: 41/41 MP: 3/3
  1313 | D:2      | You fall into a shaft and drop 2 floors!
  1359 | D:3      | Found Kakim's Magic Scroll Shop.
  1374 | D:3      | Bought a scroll of magic mapping for 35 gold pieces
  1513 | D:3      | Found a shimmering blue altar of Sif Muna.
  2158 | D:3      | Noticed Ijyb
  2165 | D:3      | Noticed Grinder
  2176 | D:3      | Slain by Grinder

Illustrated notes

Levels and vault maps discovered:
D:1:      matt_arrival_spirals, layout_basic
D:2:      layout_basic, minmay_randomly_rotated_circles
D:3:      layout_basic, lemuel_tele_altar, serial_shops, shop_scrolls,
          uniq_ijyb, uniq_robin, uniq_grinder
D:4:      layout_basic, uniq_sigmund, uniq_duvessa, uniq_pikel

Skill      XL: |  1  2  3  4 |
---------------+-------------+-----
Axes           | 4 |  4.9
Fighting       | 4 |  4.9
Armour         | 3 4 |  4.0
Dodging        | |  2.1

Action                   |  1- 3 |  4- 6 || total
-------------------------+-------+-------++-------
Melee: Hand axe          |    56 |    41 ||    97
       Headbutt          |    11 |     6 ||    17
       Unarmed           |       |    14 ||    14
Armor: Animal skin       |     2 |       ||     2
       Chain mail        |    26 |    16 ||    42
       Leather armour    |     2 |       ||     2
Dodge: Dodged            |    29 |    33 ||    62
